Map: Monsoon

Players

A.I. 5 (Medium)

  • Race: Terran Terran
  • Spawn Location: 11:00

A.I. 4 (Medium)

  • Race: Zerg Zerg
  • Spawn Location: 1:00

A.I. 3 (Medium)

  • Race: Terran Terran
  • Spawn Location: 12:00

FroGGe - Winner!

  • Race: Zerg Zerg
  • Spawn Location: 6:00

Lunarbears - Winner!

  • Race: Terran Terran
  • Spawn Location: 5:00

larsgj - Winner!

  • Race: Terran Terran
  • Spawn Location: 7:00

VOD

Have the link to the VOD?

Description

Time

  • Played on: May 7, 2020, 3:27 p.m.
  • Length: 16:57
Show
View Real Time Build Order
Export as new Build Order

A.I. 5 (Medium) Terran 

Build Orders:  

Get SALT Encoding   

  12  0:01  SCV  
  13  0:13  SCV  
  14  0:18  Supply Depot  
  14  0:25  SCV  
  15  0:40  SCV  
  16  0:43  Barracks  
  16  0:48  Refinery  
  16  0:52  SCV  
  17  1:04  SCV  
  18  1:15  Supply Depot  
  18  1:30  Orbital Command, Marine  
  18  1:31  Barracks  
  19  1:42  Refinery  
  19  1:51  Marine  
  19  1:53  Factory  
  20  2:11  Barracks Tech Lab  
  20  2:17  Marine  
  21  2:22  Supply Depot  
  21  2:31  Marauder  
  23  2:44  Marine  
  24  2:58  Marine  
  24  3:01  Supply Depot  
  25  3:10  SCV  
  25  3:12  Marine  
  27  3:22  SCV  
  27  3:24  Engineering Bay  
  27  3:26  Marauder  
  30  3:34  SCV  
  30  3:39  Hellion  
  33  3:47  SCV  
  34  3:52  Supply Depot  
  34  3:59  SCV  
  34  4:01  Hellion  
  36  4:11  SCV  
  37  4:22  Hellion  
  37  4:23  SCV  
  40  4:44  Hellion  
  42  6:36  Barracks Tech Lab  
  42  6:37  Marine  
  43  6:40  Factory Tech Lab, Factory  
  43  6:43  Missile Turret  
  43  6:46  Missile Turret  
  43  6:48  Sensor Tower  
  43  6:49  Command Center  
  43  6:53  Ghost Academy  
  43  6:55  Marine  
  43  6:57  Armory  
  43  6:59  Marine  
  32  7:01  Starport  
  32  7:05  Barracks  
  32  7:08  Supply Depot  
  27  7:13  Marine, Bunker  
  28  7:18  Marine  
  29  7:24  Factory Tech Lab  
  29  7:30  Marine  
  30  7:37  Marine  
  30  7:39  Starport Tech Lab  
  31  7:48  Marine  
  32  7:53  Barracks Reactor  
  32  7:56  Marauder  
  36  8:01  SCV  
  36  8:04  SCV  
  38  8:06  Raven  
  38  8:07  Marauder  
  40  8:13  SCV, Refinery  
  40  8:16  SCV  
  40  8:17  Marine  
  43  8:21  Missile Turret  
  43  8:23  Missile Turret  
  43  8:26  SCV, Refinery  
  44  8:27  Marine  
  44  8:29  SCV  
  46  8:35  Marauder  
  46  8:38  SCV  
  46  8:41  SCV  
  52  8:45  Bunker  
  52  8:46  Marauder  
  54  8:49  Raven  
  54  8:50  SCV  
  54  8:53  SCV  
  56  8:56  Ghost  
  56  9:02  SCV  
  59  9:05  SCV  
  60  9:14  SCV  
  61  9:17  SCV  
  62  9:26  SCV  
  62  9:29  SCV  
  64  9:38  SCV  
  64  9:41  SCV  
  66  9:50  SCV  
  67  9:53  SCV  
  68  10:02  SCV  
  68  10:05  SCV  
  70  10:08  Supply Depot  
  69  11:06  Siege Tank  
  69  11:07  Medivac  
  69  11:08  Stimpack  
  69  11:09  Combat Shield  
  69  11:11  Terran Infantry Weapons Level 1  
  74  11:13  Starport, Siege Tank  
  74  11:17  Supply Depot  
  77  11:20  Marine  
  77  11:22  Fusion Core  
  56  11:27  Marine  
  56  11:29  Engineering Bay  
  57  11:35  Marine  
  57  11:37  Armory, Medivac  
  60  11:42  Marine  
  61  11:49  Marine, Starport Tech Lab  
  62  11:55  Terran Infantry Armor Level 1  
  62  11:56  Marine  
  63  12:04  Siege Tank  
  70  12:11  Marine  
  71  12:16  Raven x2  
  71  12:19  Siege Tank  
  72  12:26  Marine  
  72  12:27  Concussive Shells  
  73  12:34  Marine  
  74  12:41  Marine  
  75  12:48  Siege Tank  
  79  12:56  Siege Tank  
  82  12:58  Raven  
  82  13:20  Viking  
  82  13:24  Supply Depot  
  76  13:29  SCV  
  76  13:32  Viking  
  55  13:35  Hellion  
  55  13:41  SCV  
  44  13:42  Marauder  
  44  13:45  Missile Turret  
  40  13:49  Marine  
  40  13:50  Medivac  
  40  13:53  SCV  
  43  13:57  Hellion  
  43  14:02  Medivac  
  43  14:04  Hellion  
  43  14:05  SCV  
  45  14:11  Command Center  
  45  14:12  Marauder  
  45  14:14  Supply Depot  
  34  14:17  SCV  
  34  14:19  Hellion  
  36  14:24  Refinery  
  36  14:26  Hellion  
  36  14:29  Raven, SCV  
  37  14:33  Marauder  
  35  14:40  Marine  
  35  14:41  Raven, SCV  
  32  14:48  Hellion  
  30  14:53  SCV  
  28  15:00  Siege Tank  
  28  15:03  Medivac  
  28  15:05  SCV  
  18  15:08  Missile Turret  
  18  15:09  Siege Tank  
  18  15:10  Marine  
  20  15:16  Marine  
  18  15:23  Command Center  
  18  15:24  Raven  
Show
View Real Time Build Order
Export as new Build Order

A.I. 4 (Medium) Zerg 

Build Orders: 1 Base Baneling Bust, Pool First 

Get SALT Encoding   

  12  0:01  Drone  
  13  0:12  Overlord  
  13  0:17  Drone  
  14  0:30  Drone  
  14  0:33  Drone  
  16  0:43  Spawning Pool  
  16  0:45  Drone  
  17  0:50  Drone  
  17  0:53  Extractor  
  17  0:55  Drone  
  17  1:06  Overlord  
  17  1:31  Queen, Zergling x2  
  20  1:37  Roach Warren  
  20  1:38  Drone  
  20  1:43  Extractor  
  19  1:49  Drone, Zergling x2  
  21  2:00  Drone  
  22  2:10  Overlord  
  22  2:21  Roach, Lair  
  24  2:39  Roach  
  26  2:53  Overlord  
  26  2:57  Roach  
  28  3:15  Roach  
  30  3:24  Drone  
  31  3:28  Drone  
  31  3:33  Roach  
  34  3:35  Hydralisk Den  
  34  3:41  Drone  
  34  3:47  Overlord  
  34  3:53  Drone  
  35  3:57  Drone  
  35  4:02  Drone  
  37  4:05  Drone  
  37  4:07  Hydralisk  
  40  4:14  Baneling Nest  
  40  4:16  Drone  
  40  4:24  Evolution Chamber  
  40  4:25  Hydralisk, Drone  
  42  4:43  Hydralisk  
  44  6:56  Overseer  
  44  6:57  Overlord, Overseer, Queen  
  44  6:58  Infestation Pit  
  44  7:00  Spore Crawler  
  44  7:01  Drone  
  44  7:03  Hatchery, Spore Crawler  
  44  7:04  Drone  
  44  7:06  Spire  
  44  7:07  Drone  
  44  7:08  Evolution Chamber  
  44  7:10  Drone  
  44  7:12  Zergling x2  
  44  7:13  Drone  
  42  7:28  Spine Crawler  
  41  7:30  Drone, Spine Crawler  
  41  7:36  Infestor  
  43  7:49  Infestor  
  33  8:02  Hydralisk  
  33  8:06  Overseer  
  33  8:15  Hydralisk  
  33  8:16  Drone  
  33  8:17  Queen  
  33  8:19  Drone  
  39  8:22  Drone  
  39  8:25  Drone  
  39  8:26  Extractor  
  40  8:28  Hydralisk, Drone  
  40  8:30  Spore Crawler  
  40  8:31  Drone  
  40  8:33  Drone, Spore Crawler  
  43  8:34  Extractor  
  43  8:36  Drone  
  43  8:39  Drone  
  44  8:42  Roach, Drone  
  44  8:44  Overlord  
  44  8:46  Drone  
  48  8:49  Drone  
  48  8:51  Drone  
  48  8:54  Drone  
  48  8:55  Roach  
  53  8:57  Drone  
  53  8:58  Spine Crawler  
  53  9:00  Drone  
  53  9:01  Spine Crawler  
  53  9:04  Drone  
  53  9:06  Drone  
  53  9:09  Roach  
  57  9:11  Drone  
  58  9:19  Drone  
  58  9:21  Overlord  
  58  9:22  Roach, Drone  
  62  9:26  Drone  
  63  9:32  Drone  
  63  9:35  Drone, Overseer  
  65  9:42  Overlord, Drone  
  66  9:50  Drone  
  67  10:00  Overlord, Drone  
  67  10:03  Drone  
  67  10:06  Drone  
  70  10:09  Drone  
  71  11:22  Corruptor  
  71  11:23  Overlord, Pneumatized Carapace  
  71  11:24  Overseer  
  72  11:34  Corruptor  
  66  11:46  Zergling x2, Overseer  
  57  11:51  Overseer  
  57  11:56  Hydralisk, Overlord  
  57  12:00  Overseer  
  50  12:02  Drone  
  50  12:03  Hydralisk  
  50  12:06  Drone  
  38  12:09  Drone  
  38  12:11  Zergling x2  
  38  12:12  Drone  
  40  12:22  Overlord  
  26  12:44  Overlord, Spawning Pool  
  25  12:53  Overlord  
  25  12:54  Overlord  
  4  13:13  Drone  
  3  13:21  Overlord  
  2  13:40  Drone  
Show
View Real Time Build Order
Export as new Build Order

A.I. 3 (Medium) Terran 

Build Orders:  

Get SALT Encoding   

  12  0:01  SCV  
  13  0:13  SCV  
  14  0:20  Supply Depot  
  14  0:25  SCV  
  15  0:41  SCV  
  16  0:45  Barracks  
  16  0:50  Refinery  
  16  0:53  SCV  
  17  1:05  SCV  
  18  1:17  Supply Depot  
  18  1:32  Marine  
  19  1:33  Orbital Command  
  19  1:39  Barracks  
  19  1:49  Marine  
  20  2:08  Barracks Tech Lab  
  20  2:11  Supply Depot  
  20  2:12  SCV  
  21  2:22  Refinery  
  21  2:24  SCV  
  21  2:26  Marine  
  23  2:30  Marine  
  23  2:34  Engineering Bay  
  23  2:36  SCV  
  25  2:44  Marine  
  25  2:48  Marine, SCV  
  28  3:01  SCV  
  28  3:02  Marauder  
  31  3:13  SCV  
  32  4:10  SCV  
  32  4:19  Barracks Tech Lab  
  32  4:20  Marauder  
  32  4:22  SCV, Factory  
  35  4:24  Supply Depot  
  35  4:26  Missile Turret  
  35  4:30  Missile Turret  
  35  4:34  Barracks, SCV  
  30  4:41  Marine  
  29  4:47  Marine  
  29  4:49  Supply Depot  
  30  4:55  Bunker  
  30  4:59  Marine  
  31  5:09  Marine, Factory Tech Lab, Starport  
  32  5:19  Sensor Tower  
  32  5:20  Marauder  
  34  5:31  Widow Mine  
  36  5:38  Armory  
  36  5:42  Marine  
  37  5:44  Barracks Reactor  
  37  5:47  Starport Tech Lab  
  37  5:52  Command Center  
  37  5:53  Widow Mine  
  39  6:03  Marine  
  42  6:14  Raven  
  42  6:15  Siege Tank  
  47  6:57  Raven  
  47  7:05  SCV  
  47  7:08  SCV, Refinery  
  49  7:14  Missile Turret  
  49  7:17  SCV  
  49  7:18  Missile Turret  
  49  7:19  Refinery  
  49  7:20  SCV  
  51  7:29  SCV  
  52  7:32  SCV  
  53  7:38  Bunker  
  53  7:41  SCV  
  54  7:44  SCV  
  55  7:53  SCV  
  55  7:56  SCV  
  57  8:05  SCV  
  57  8:08  SCV  
  59  8:18  SCV  
  60  8:20  SCV  
  60  8:26  Medivac, Reaper  
  64  8:27  Stimpack, Combat Shield  
  64  8:29  Factory  
  64  8:30  SCV, Marine  
  66  8:34  Terran Infantry Weapons Level 1  
  66  8:35  Starport, Marine  
  66  8:38  Supply Depot  
  67  8:46  Engineering Bay  
  67  8:47  Marine  
  65  8:52  Marine, Ghost Academy  
  59  8:56  Medivac  
  59  8:57  Marine  
  59  9:02  Marine  
  55  9:07  Marine, SCV  
  54  9:10  SCV  
  54  9:11  Starport Tech Lab  
  54  9:12  Marine, Terran Infantry Armor Level 1  
  54  9:13  Factory Tech Lab  
  54  9:16  Supply Depot  
  56  9:17  Marine  
  56  9:20  SCV  
  56  9:22  SCV, Marine  
  60  9:31  Marauder  
  66  9:32  SCV  
  66  9:33  Reaper  
  66  9:35  Raven  
  68  9:38  Raven  
  68  9:40  Ghost  
  70  9:47  Fusion Core  
  70  9:52  Marauder  
  72  9:58  Armory  
  72  10:09  Marauder  
  72  10:10  Concussive Shells  
  76  10:17  Raven  
  76  11:03  Command Center  
  75  11:54  Marine  
  75  11:55  Terran Infantry Weapons Level 2  
  75  11:56  Terran Infantry Armor Level 2  
  75  11:57  Marine, Terran Vehicle Weapons Level 1  
  75  11:59  Supply Depot  
  75  12:00  Marine  
  78  12:03  Marine  
  79  12:12  Marine  
  79  12:15  Marine  
  81  12:17  SCV  
  81  12:18  Marine, Terran Vehicle And Ship Armor Level 1  
  81  12:20  SCV  
  81  12:21  Marine  
  78  12:23  Missile Turret  
  78  12:24  SCV  
  78  12:29  SCV, Marine  
  68  12:33  SCV, Marine  
  68  12:36  Marine, SCV  
  57  12:39  Marine  
  57  12:44  Missile Turret  
  55  12:45  Refinery  
  55  12:48  Marauder  
  55  12:50  Marine  
  55  12:51  Refinery  
  60  12:53  Raven, Marine  
  60  12:56  Marine  
  55  13:08  Marine, SCV  
  55  13:09  Marine  
  55  13:11  Raven, Marine, SCV  
  57  13:14  Marine, SCV  
  56  13:20  SCV  
  56  13:22  Hellion  
  56  13:23  SCV  
  56  13:26  Marine, SCV  
  61  13:27  Marine, Medivac  
  61  13:32  Marine, SCV  
  62  13:35  Marine, SCV  
  62  13:37  Supply Depot  
  62  13:38  SCV  
  61  13:44  Marine  
  61  13:45  SCV  
  61  13:46  Marauder  
  61  13:48  SCV  
  68  13:49  Marine  
  68  13:51  SCV  
  68  13:52  Marine  
  68  13:54  Raven  
  68  13:57  SCV, Medivac  
  68  14:00  SCV  
  55  14:03  Marauder, SCV  
  55  14:06  Marine  
  55  14:07  Marine  
  55  14:09  SCV  
  51  14:10  Marine  
  51  14:12  SCV  
  51  14:15  SCV  
  51  14:16  Hellion  
  54  14:21  SCV  
  54  14:23  Marine  
  49  14:24  Marine  
  49  14:25  Marine  
  49  14:27  Missile Turret  
  49  14:28  Marine  
  50  14:34  Viking  
  50  14:36  Raven  
  51  14:41  Marine  
  51  14:42  Marine  
  51  14:44  Marine  
  49  14:47  Marine  
  48  14:59  Marine  
  44  15:00  Marine  
  44  15:01  Marine  
  44  15:04  Marine  
  44  15:10  Hellion, Medivac  
  44  15:13  Raven  
  44  15:17  Marine, Ghost  
  44  15:19  Marine  
  41  15:22  SCV, Marine  
  41  15:25  SCV  
  35  15:29  Hellion  
  35  15:32  Bunker  
  35  15:34  SCV  
  36  15:37  Marine  
  36  15:40  Marine, SCV  
  36  15:46  SCV  
  34  15:52  SCV  
  28  16:04  SCV  
  21  16:22  Supply Depot  
Show
View Real Time Build Order
Export as new Build Order

FroGGe Zerg - Winner!

Build Orders: Hatch First 

Get SALT Encoding   

  12  0:03  Drone  
  13  0:22  Drone  
  14  0:28  Overlord x2  
  14  0:51  Drone  
  15  1:02  Hatchery  
  14  1:11  Drone  
  14  1:12  Drone x2  
  17  1:26  Drone  
  18  1:38  Drone  
  19  1:48  Drone  
  20  1:59  Spawning Pool  
  19  2:06  Drone x2  
  21  2:16  Drone  
  22  2:24  Extractor  
  21  2:33  Extractor  
  20  2:43  Drone x2  
  20  2:44  Drone x2  
  24  2:50  Overlord  
  24  3:00  Drone  
  24  3:01  Drone x2  
  27  3:15  Zergling x2  
  28  3:21  Zergling x2  
  28  3:22  Zergling x4  
  31  3:42  Lair  
  31  3:47  Drone  
  31  3:48  Drone  
  33  3:59  Evolution Chamber  
  32  4:20  Extractor  
  32  4:24  Extractor  
  30  4:39  Zerg Missile Weapons Level 1  
  30  4:50  Hydralisk Den  
  29  5:09  Hatchery  
  28  5:19  Hydralisk x3  
  34  5:24  Overlord  
  34  5:35  Drone  
  34  5:36  Drone x2  
  37  5:57  Muscular Augments  
  37  6:02  Hydralisk  
  37  6:03  Hydralisk x3  
  45  6:04  Hydralisk  
  47  6:12  Overlord  
  47  6:22  Drone x2  
  49  6:33  Zerg Ground Armor Level 1  
  49  6:35  Hydralisk x4  
  51  7:01  Infestation Pit  
  50  7:09  Grooved Spines  
  50  7:10  Hydralisk x4  
  50  7:11  Hydralisk  
  60  7:27  Drone  
  60  7:28  Drone x5  
  66  7:39  Overlord x3  
  63  8:20  Hydralisk x4  
  63  8:21  Hydralisk x3  
  63  8:27  Zerg Missile Weapons Level 2  
  77  8:36  Hive  
  77  8:43  Extractor  
  77  8:44  Extractor  
  77  8:47  Hydralisk x4  
  77  8:48  Hydralisk x3  
  89  9:18  Overlord  
  89  9:19  Overlord  
  89  9:42  Hydralisk x4  
  89  9:43  Hydralisk x4  
  105  9:50  Drone  
  106  10:12  Spire  
  105  10:42  Zerg Ground Armor Level 2  
  105  10:54  Overlord x3  
  97  11:48  Hydralisk  
  97  11:49  Hydralisk x6  
  97  11:50  Hydralisk x2  
  112  12:58  Zerg Missile Weapons Level 3  
  112  13:03  Hydralisk  
  112  13:04  Hydralisk x3  
  120  13:07  Overlord  
  120  13:08  Overlord x2  
  120  13:09  Overlord x2  
  88  13:54  Hydralisk x3  
  88  13:55  Hydralisk x5  
  94  14:03  Mutalisk  
  96  14:33  Mutalisk x6  
  96  14:34  Mutalisk x3  
  114  14:52  Queen  
  116  14:55  Queen  
  118  15:12  Hydralisk  
  118  15:13  Mutalisk  
Show
View Real Time Build Order
Export as new Build Order

Lunarbears Terran - Winner!

Build Orders:  

Get SALT Encoding   

  12  0:05  SCV  
  13  0:18  SCV, Supply Depot  
  14  0:30  SCV  
  16  0:42  SCV  
  16  0:43  Refinery  
  16  0:48  Supply Depot  
  16  0:58  Barracks  
  16  1:02  SCV  
  17  1:14  SCV  
  17  1:18  Supply Depot  
  18  1:35  Refinery  
  18  1:42  Supply Depot  
  18  1:50  Barracks  
  18  1:55  Marine  
  19  2:13  Marine  
  20  2:17  SCV  
  21  2:29  SCV  
  22  2:31  Marine  
  22  2:32  Supply Depot  
  23  2:41  SCV  
  24  2:46  Engineering Bay  
  24  2:48  Marine  
  24  2:49  Marine  
  26  3:06  Marine x2  
  28  3:23  Marine  
  28  3:24  Marine  
  28  3:25  SCV  
  28  3:26  Factory  
  31  3:37  SCV  
  32  3:41  Marine  
  32  3:42  Marine  
  34  3:48  Supply Depot  
  34  3:49  SCV  
  35  4:26  Command Center  
  28  4:47  Marine x2  
  30  5:04  Marine  
  30  5:05  Marine  
  32  5:16  Starport  
  32  5:22  Marine x2  
  34  5:39  Supply Depot  
  34  5:40  Marine x2  
  36  5:51  SCV  
  36  5:53  Bunker  
  37  5:58  Marine  
  37  6:03  SCV  
  39  6:07  Reaper  
  40  6:16  SCV, Reaper  
  42  6:20  Factory Tech Lab  
  42  6:24  Starport Tech Lab  
  42  6:28  SCV  
  43  6:33  Terran Infantry Weapons Level 1  
  43  6:40  SCV  
  44  6:50  Bunker  
  44  6:52  SCV  
  45  7:04  SCV  
  45  7:05  Fusion Core  
  45  7:16  SCV  
  38  7:41  Marine x2  
  39  7:59  Marine x2  
  41  8:17  Marine  
  42  8:25  Refinery  
  42  8:27  Terran Infantry Armor Level 1  
  42  8:44  Battlecruiser  
  48  8:58  Marine x2, Supply Depot  
  50  9:15  Marine  
  50  9:16  Marine, Bunker  
  52  9:29  Planetary Fortress  
  52  9:33  Marine x2  
  54  9:43  Missile Turret  
  54  9:48  Battlecruiser  
  54  9:51  Marine x2  
  62  9:56  Weapon Refit  
  62  10:06  SCV  
  63  10:09  Marine x2  
  65  10:18  SCV  
  66  10:30  Bunker, SCV  
  67  10:44  Supply Depot  
  67  10:52  Neosteel Armor  
  67  10:53  Battlecruiser  
  73  11:08  Missile Turret  
  73  11:17  Armory  
  69  11:57  Battlecruiser  
  69  12:00  SCV  
  76  12:12  SCV  
  77  12:24  SCV  
  77  12:29  Marine  
  79  12:30  Marine  
  79  12:32  Hi-Sec Auto Tracking  
  80  12:47  Marine x2  
  82  13:01  Battlecruiser  
  82  13:05  Marine x2  
Show
View Real Time Build Order
Export as new Build Order

larsgj Terran - Winner!

Build Orders:  

Get SALT Encoding   

  12  0:02  SCV  
  13  0:14  SCV  
  14  0:21  Supply Depot  
  14  0:26  SCV  
  15  0:46  Barracks  
  15  0:58  SCV  
  16  1:11  SCV  
  17  1:14  Supply Depot  
  17  1:19  Supply Depot  
  17  1:23  SCV  
  18  1:35  SCV  
  19  1:40  Barracks  
  19  1:47  SCV, Refinery  
  19  1:51  Refinery  
  20  1:59  SCV  
  21  2:11  SCV  
  22  2:20  Marine  
  23  2:23  SCV  
  23  2:28  Marine  
  25  2:35  SCV  
  26  2:38  Marine  
  26  2:42  Engineering Bay  
  27  2:46  Marine  
  27  2:47  SCV  
  29  2:56  Marine  
  30  2:59  SCV  
  30  3:04  Marine  
  32  3:12  SCV  
  33  3:14  Marine  
  33  3:15  Command Center  
  34  3:21  Marine  
  35  3:30  Factory  
  35  3:32  Marine  
  35  3:33  Orbital Command  
  36  3:39  Marine  
  37  3:44  Supply Depot  
  37  3:59  Marine x2  
  39  4:07  Supply Depot  
  39  4:33  Starport  
  39  4:53  SCV  
  40  5:04  Supply Depot  
  40  5:05  SCV  
  41  5:09  Marine x2  
  41  5:10  Starport  
  41  5:13  Medivac  
  45  5:17  SCV  
  46  5:27  Marine x2, Supply Depot  
  48  5:29  SCV  
  48  5:33  Refinery  
  49  5:36  Refinery  
  49  5:41  SCV  
  50  5:43  Medivac  
  50  5:44  Marine  
  50  5:45  Marine  
  54  5:54  Orbital Command  
  54  6:02  Marine x2  
  56  6:13  Medivac  
  58  6:20  Marine  
  59  6:33  Armory  
  59  6:44  Barracks Tech Lab  
  59  6:46  Barracks Reactor  
  59  6:53  Medivac x2  
  63  7:04  Terran Infantry Weapons Level 1  
  63  7:17  Engineering Bay  
  63  7:20  Fusion Core  
  63  7:23  Medivac x2  
  63  7:24  Barracks  
  67  7:32  Supply Depot  
  67  7:56  Supply Depot  
  67  8:19  Supply Depot  
  67  8:42  Supply Depot  
  67  8:47  Marine x3  
  70  8:50  Combat Shield  
  70  8:58  Rapid Reignition System, Terran Infantry Armor Level 1  
  70  9:02  Terran Vehicle And Ship Armor Level 1  
  70  9:04  Marine, Supply Depot  
  70  9:05  Marine x2  
  73  9:20  SCV  
  73  9:22  Marine  
  73  9:23  Marine x2  
  77  9:26  Supply Depot  
  77  9:32  SCV  
  77  9:34  Medivac  
  77  9:35  Medivac  
  82  9:40  Marine x2  
  82  9:41  Marine  
  82  9:44  SCV  
  86  9:48  Supply Depot  
  86  9:55  Terran Infantry Weapons Level 2  
  86  9:58  Marine x3  
  89  10:04  Medivac  
  89  10:05  Medivac  
  93  10:11  Supply Depot  
  93  10:16  Marine x3  
  96  10:27  Barracks  
  96  10:33  Marine  
  96  10:34  Marine x2  
  99  10:51  Marine  
  99  10:52  Marine x2  
  102  11:09  Marine  
  102  11:10  Marine x2  
  105  11:12  Medivac  
  105  11:14  Marine  
  110  11:27  Marine x3  
  110  11:32  Marine  
  114  11:34  Medivac  
  114  11:42  Medivac  
  114  11:45  Marine x3  
  119  11:50  Marine  
  119  12:02  Marine  
  119  12:03  Marine x2  
  119  12:04  Medivac  
  119  12:08  Marine  
  121  12:12  Medivac  
  122  12:20  Marine  
  122  12:21  Marine x2  
  118  12:25  Marine  
  112  12:34  Terran Infantry Weapons Level 3, Medivac  
  112  12:35  Terran Infantry Armor Level 2  
  114  12:38  Marine  
  114  12:39  Marine x2  
  114  12:42  Medivac  
  114  12:43  Marine  
  120  12:55  Terran Vehicle And Ship Armor Level 2  
  120  12:56  Marine x2  
  120  12:57  Marine  
  123  13:01  Marine  
  123  13:04  Medivac  
  126  13:12  Medivac  
  128  13:14  Marine x3  
  128  13:19  Marine  
  120  13:32  Marine  
  120  13:34  Medivac  
  123  13:42  Medivac  
  107  14:30  Marine x4  
  111  14:34  Medivac x2  
  114  14:48  Marine x4  
  114  14:51  Hi-Sec Auto Tracking  
  117  15:04  Medivac x2  
  117  15:05  Marine  
  117  15:06  Marine x3  
  125  15:11  Neosteel Armor  
  125  15:23  Marine  
  125  15:24  Marine x3  
  129  15:42  Marine x2  
Tags
 
Add a new tag
Caveats
  • Supply blocks, unpowered buildings, or Contaminate may cause inaccurate times.
  • Supply counts are checked every 10 seconds.